 Dungeon Crawl Stone Soup version 0.29-a0-330-g52719c12eb (webtiles) character file.

Game seed: 686827840650557113

262 funkygono the Slasher (level 5, -3/48 HPs)
             Began as a Minotaur Berserker on May 28, 2022.
             Was a Believer of Trog.
             Slain by a gnoll
             ... wielding a +0 flail
              (6 damage)
             ... on level 3 of the Dungeon.
             The game lasted 00:03:50 (1860 turns).

funkygono the Slasher (Minotaur Berserker)          Turns: 1860, Time: 00:03:50

Health: -3/48      AC: 11    Str: 23    XL:     5   Next: 97%
Magic:  4/4        EV:  7    Int:  4    God:    Trog [**....]
Gold:   86         SH:  0    Dex: 10    Spells: 4/4 levels left

rFire   . . .      SeeInvis .   a - +0 falchion
rCold   . . .      Faith    .   (no shield)
rNeg    . . .      Spirit   .   i - +0 plate armour
rPois   .          Reflect  .   (helmet restricted)
rElec   .          Harm     .   (no cloak)
rCorr   .          Rampage  .   (no gloves)
Will    .....                   (no boots)
Stlth   ..........              (no amulet)
HPRegen 0.16/turn               (no ring)
MPRegen 0.09/turn               (no ring)

@: no status effects
A: horns 2, retaliatory headbutt
a: Renounce Religion, Berserk, Trog's Hand


You were on level 3 of the Dungeon.
You worshipped Trog.
Trog was pleased with you.
You visited 1 branch of the dungeon, and saw 3 of its levels.

You collected 86 gold pieces.

Inventory:

Hand Weapons
 a - a +0 falchion (weapon)
Missiles
 e - 67 stones (quivered)
Armour
 b - a +0 animal skin
 h - a +0 chain mail
 i - a +0 plate armour (worn)
 j - the +2 robe of the Jackalope {rElec Str+2 Int+4 Stlth+}
   (You found it on level 3 of the Dungeon)

   Str:       It affects your strength (+2).
   Int:       It affects your intelligence (+4).
   rElec:     It insulates you from electricity.
   Stlth:     It makes you more stealthy.
Scrolls
 g - a scroll of identify
Potions
 c - 2 potions of curing
 d - 2 potions of haste {unknown}
 f - 2 potions of resistance
 k - a potion of flight


   Skills:
 + Level 5.2 Fighting
 + Level 5.4 Long Blades
 + Level 4.2 Armour
 + Level 3.3 Dodging


You had 4 spell levels left.
You didn't know any spells.
Your spell library was empty.

Dungeon Overview and Level Annotations

Branches:
Dungeon (3/15)

Altars:
Kikubaaqudgha

Shops:
D:2 (*?


Innate Abilities, Weirdness & Mutations

You have a pair of horns on your head.
You reflexively headbutt those who attack you in melee.


Message History

The gnoll hits you from afar with a +0 halberd!
The gnoll hits you with a +0 whip.
You hit the gnoll.
You kill the gnoll!
Trog accepts your kill.
The gnoll hits you from afar with a +0 halberd.
The gnoll hits you with a +0 halberd.
Things that are here:
a +0 whip; a gnoll corpse You closely miss the gnoll.
The gnoll hits you with a +0 halberd.
You hit the gnoll. Your punch misses the gnoll.
The gnoll is lightly wounded.
The gnoll barely misses you.
You barely miss the gnoll. Your headbutt misses the gnoll.
The gnoll is lightly wounded.
The gnoll barely misses you.
You hit the gnoll. Your headbutt misses the gnoll.
The gnoll is lightly wounded.
The gnoll hits you with a +0 halberd.
You closely miss the gnoll.
The gnoll hits you from afar with a +0 halberd.
The gnoll hits you with a +0 flail.
You closely miss the gnoll.
The gnoll hits you from afar with a +0 halberd!
* * * LOW HITPOINT WARNING * * *
The gnoll hits you with a +0 flail.
* * * LOW HITPOINT WARNING * * *
You hit the gnoll.
The gnoll is lightly wounded.
The gnoll completely misses you. The gnoll hits you with a +0 flail.
* * * LOW HITPOINT WARNING * * *
You hit the gnoll. Your headbutt misses the gnoll.
The gnoll is moderately wounded.
The gnoll hits you from afar with a +0 halberd.
* * * LOW HITPOINT WARNING * * *
The gnoll hits you but does no damage.
You hit the gnoll.
The gnoll is severely wounded.
The gnoll hits you but does no damage. The gnoll hits you with a +0 flail.
You die...

....# †...# #.# ...##
#.# # # ....# #.# .##
.# ...[### ##.##... .#
......## ###..... ..#
...##..###.....# ...#
..####...^.#...###g...#
#####....†.....?@gg...#
##......####...###r...#
...#..### #...# ...#
####.# #...# #.# #..
##### # ...# ..## ## .<


You could see 3 gnolls and a quokka.

Vanquished Creatures
  Pargi (D:3)
  An ogre (D:2)
  4 gnolls
  A dart slug (D:2)
  4 ball pythons
  6 bats
  5 endoplasms
  3 giant cockroaches (D:1)
  4 goblins
  3 hobgoblins
  5 kobolds
  A quokka (D:1)
  4 frilled lizards
  3 rats
45 creatures vanquished.

Vanquished Creatures (others)
  2 demonic plants (D:1)
  A fungus (D:1)
  2 plants (D:1)
  A withered plant (D:1)
6 creatures vanquished.

Grand Total: 51 creatures vanquished

Notes
Turn   | Place    | Note
-------+----------+-------------------------------------------
     0 | D:1      | funkygono the Minotaur Berserker began the quest for the
                  | Orb.
     0 | D:1      | Reached XP level 1. HP: 19/19 MP: 0/0
   136 | D:1      | Reached XP level 2. HP: 27/27 MP: 1/1
   166 | D:1      | Found a faded altar of an unknown god.
   665 | D:2      | Reached ** piety under Trog
   666 | D:2      | Reached XP level 3. HP: 34/34 MP: 2/2
   735 | D:2      | Found Entatz's Magic Scroll Boutique.
   910 | D:2      | Found Zoont's General Store.
   945 | D:2      | Found an ancient bone altar of Kikubaaqudgha.
  1298 | D:2      | Found Kiphue's Antique Weapon Shop.
  1556 | D:3      | Noticed an ogre
  1571 | D:2      | Killed an ogre
  1572 | D:2      | Reached skill level 5 in Fighting
  1572 | D:2      | Reached XP level 4. HP: 30/42 MP: 3/3
  1572 | D:2      | Reached XP level 5. HP: 34/48 MP: 4/4
  1688 | D:3      | Noticed Pargi
  1701 | D:3      | Killed Pargi
  1702 | D:3      | Reached skill level 5 in Long Blades
  1826 | D:3      | Identified the +2 robe of the Jackalope {rElec Str+2 Int+4
                  | Stlth+}
  1860 | D:3      | Slain by a gnoll

Illustrated notes

Levels and vault maps discovered:
D:1:      lightli_arrival_statuegarden, layout_rooms,
          shapermc_ecumenical_altar_gd
D:2:      layout_basic, basic_altar, serial_shops, shop,
          nicolae_shop_statue_plus, nicolae_square_shop, serial_park_tiny_2
D:3:      layout_rooms, okawaru_gym_becter, uniq_pargi

Skill      XL: |  1  2  3  4  5 |
---------------+----------------+-----
Fighting       | 4 5 |  5.2
Long Blades    | 4 5 |  5.4
Armour         | 3 4 |  4.2
Dodging        | 3 |  3.3

Action                   |  1- 3 |  4- 6 || total
-------------------------+-------+-------++-------
Melee: Falchion          |    82 |    36 ||   118
       Headbutt          |    14 |     6 ||    20
       Punch             |     1 |       ||     1
  Use: Scroll            |     8 |       ||     8
Armor: Animal skin       |     3 |       ||     3
       Plate armour      |    36 |    31 ||    67
       Chain mail        |    13 |       ||    13
Dodge: Dodged            |    38 |    21 ||    59

Table legend: (Time is in decaauts)
 A = Elapsed time spent in this place.
 B = Non-inter-level travel time spent in this place.
 C = Inter-level travel time spent in this place.
 D = Time resting spent in this place.
 E = Time spent auto-exploring this place.
 F = Levels seen in this place.
 G = Mean time per level.
                   A        B        C        D        E       F      G
               +--------+--------+--------+--------+--------+-----+--------+
         Total |   1871 |   1836 |     35 |      0 |   1423 |   3 |  623.7 |
       Dungeon |   1871 |   1836 |     35 |      0 |   1423 |   3 |  623.7 |
               +--------+--------+--------+--------+--------+-----+--------+

Top non-repeatable levels by time:
     D:2: 1048 daAuts
     D:1: 612 daAuts
     D:3: 210 daAuts
